 Dungeon Crawl Stone Soup version 0.19.1-1-g22dce08 (webtiles) character file.

3187 kae the Cleaver (level 9, -3/85 HPs)
             Began as a Hill Orc Fighter on Dec 30, 2016.
             Was a Believer of Beogh.
             Slain by a killer bee (4 damage)
             ... on level 7 of the Dungeon.
             The game lasted 00:05:29 (6308 turns).

kae the Cleaver (Hill Orc Fighter)                  Turns: 6308, Time: 00:05:30

Health: -3/85      AC: 10    Str: 27    XL:     9   Next: 95%
Magic:  11/11      EV:  7    Int:  8    God:    Beogh [**....]
Gold:   291        SH: 10    Dex: 10    Spells: 0 memorised, 8 levels left

rFire  . . .     SeeInvis .     M - +0 war axe (holy)
rCold  . . .     Gourm    .     b - +0 scale mail
rNeg   + . .     Faith    .     c - +0 shield
rPois  .         Spirit   .     q - +1 helmet
rElec  .         Reflect  .     (no cloak)
rCorr  .         Harm     .     l - +0 pair of gloves
MR     .....                    (no boots)
Stlth  ..........               (no amulet)
                                (no ring)
                                p - ring of positive energy

@: mighty, lethally poisoned (-3 -> -28)
A: no striking features
a: Smiting, Renounce Religion


You were on level 7 of the Dungeon.
You worshipped Beogh.
Beogh was pleased with you.
You were not hungry.

You visited 2 branches of the dungeon, and saw 8 of its levels.

You collected 291 gold pieces.

Inventory:

Hand Weapons
 a - a +0 war axe
 o - a +1 hand axe of electrocution
 G - a +2 battleaxe
 M - a +0 war axe of holy wrath (weapon)
Armour
 b - a +0 scale mail (worn)
 c - a +0 shield (worn)
 l - a +0 pair of gloves (worn)
 q - a +1 helmet (worn)
Jewellery
 p - a ring of positive energy (left hand)
 w - an uncursed amulet of faith
 K - an uncursed ring of protection from fire {unknown}
Wands
 y - a wand of iceblast (6/15)
 F - a wand of acid (7/15)
 H - a wand of teleportation (2/9)
Scrolls
 e - 5 scrolls of identify
 h - 3 scrolls of magic mapping
 k - a scroll of remove curse
 m - a scroll of teleportation
 s - a scroll of enchant weapon
 u - a scroll of noise {unknown}
 D - a scroll of enchant armour {unknown}
Potions
 g - a potion of invisibility
 i - a potion of heal wounds
 j - a potion of flight
 n - 3 potions of lignification
 z - 2 potions of brilliance {unknown}
 A - 2 potions of magic {unknown}
 C - a potion of agility {unknown}
 J - a potion of haste {unknown}
Books
 v - a book of Necromancy

   Spells                             Type                      Level
   a - Pain                           Necromancy                   1
   b - Animate Skeleton               Necromancy                   1
   c - Vampiric Draining              Necromancy                   3
   d - Regeneration                   Charms/Necromancy            3
   e - Animate Dead                   Necromancy                   4
   f - Control Undead                 Necromancy                   4
 x - a book of Frost

   Spells                             Type                      Level
   a - Freeze                         Ice                          1
   b - Throw Frost                    Conjuration/Ice              2
   c - Ozocubu's Armour               Charms/Ice                   3
   d - Throw Icicle                   Conjuration/Ice              4
   e - Summon Ice Beast               Ice/Summoning                4
 I - a book of Cantrips

   Spells                             Type                      Level
   a - Confusing Touch                Hexes                        1
   b - Animate Skeleton               Necromancy                   1
   c - Summon Small Mammal            Summoning                    1
   d - Apportation                    Translocation                1
Comestibles
 f - 4 bread rations
 r - a beef jerky
 t - 2 meat rations
 B - 6 fruits
 E - a royal jelly
 L - a chunk of flesh


   Skills:
 + Level 9.9 Fighting
 * Level 13.7 Axes
 - Level 3.2 Armour
 - Level 3.2 Shields
 + Level 3.7 Invocations


You had 8 spell levels left.
You didn't know any spells.

Dungeon Overview and Level Annotations

Branches:
Dungeon (7/15)             Temple (1/1) D:5

Altars:
Fedhas
Gozag
Kikubaaqudgha
Xom
Zin


Message History

You are lethally poisoned!
The killer bee poisons you!
The killer bee stings you but does no damage.
The killer bee stings you!
* * * LOW HITPOINT WARNING * * *
You are more poisoned.
The killer bee poisons you!
You barely miss the killer bee.
The killer bee is moderately wounded.
You closely miss the killer bee.
* * * LOW HITPOINT WARNING * * *
You feel sick.
The killer bee stings you but does no damage.
The killer bee completely misses you. You block the killer bee's attack.
You closely miss the killer bee.
The killer bee is moderately wounded.
You hit the killer bee.
* * * LOW HITPOINT WARNING * * *
You feel sick. You block the killer bee's attack. The killer bee stings you.
You die...

##.# ##.# ##.# ##.###
.....#########
##.#.....=...#######
(...................
##<#########.#########
#.# #.....y@yy..# #.#
#.#.#####.....( #.#
#.#..# ..### #.#
#.##.# ## #.# #.##.#
#.# #.##.# #)##.#
#.##.# #.##.# #..


You could see 3 killer bees.

Vanquished Creatures
  Prince Ribbit (D:5)
  Grinder (D:6)
  2 hippogriffs (D:7)
  Edmund (D:5)
  A sky beast (D:7)
  An ice beast (D:5)
  2 orc warriors (D:6)
  An ogre (D:7)
  A phantom (D:7)
  3 bullfrogs (D:6)
  2 killer bees (D:7)
  12 wights
  A howler monkey (D:6)
  2 vampire bats (D:5)
  3 electric eels (D:6)
  3 crimson imps
  A centaur zombie (D:6)
  A jelly (D:5)
  2 hounds
  3 orc priests (D:6)
  A bullfrog skeleton (D:5)
  2 orc wizards (D:6)
  3 iguanas
  Natasha (thrice) (D:4)
  4 worker ants
  7 adders
  A shadow imp (D:6)
  2 oozes
  A worm (D:2)
  2 leopard geckos
  12 orcs
  A ball python (D:2)
  10 bats
  2 giant cockroaches
  4 goblins
  9 hobgoblins
  8 jackals
  5 kobolds
  4 quokkas
  4 frilled lizards
  8 rats
  5 plants (D:6)
142 creatures vanquished.

Notes
Turn   | Place    | Note
-------+----------+-------------------------------------------
     0 | D:1      | kae the Hill Orc Fighter began the quest for the Orb.
     0 | D:1      | Reached XP level 1. HP: 19/19 MP: 1/1
   174 | D:1      | Reached skill level 3 in Axes
   245 | D:1      | Reached XP level 2. HP: 20/27 MP: 2/2
   803 | D:2      | Reached XP level 3. HP: 23/33 MP: 3/3
   922 | D:2      | Reached skill level 4 in Axes
  1149 | D:2      | Reached XP level 4. HP: 37/41 MP: 4/4
  1529 | D:3      | Reached skill level 5 in Axes
  2080 | D:4      | Reached skill level 5 in Fighting
  2080 | D:4      | Reached XP level 5. HP: 48/48 MP: 5/5
  2118 | D:4      | Noticed Natasha
  2133 | D:4      | Killed Natasha
  2133 | D:4      | Reached skill level 6 in Axes
  2408 | D:4      | Noticed Natasha
  2414 | D:4      | Killed Natasha
  2570 | D:4      | Noticed Natasha
  2578 | D:4      | Killed Natasha
  2578 | D:4      | Reached XP level 6. HP: 56/56 MP: 6/6
  2808 | D:5      | Entered Level 5 of the Dungeon
  2841 | D:5      | Noticed Edmund
  2849 | D:5      | Killed Edmund
  2849 | D:5      | Reached skill level 7 in Axes
  3260 | D:5      | Noticed Prince Ribbit
  3261 | D:5      | Became a worshipper of Beogh the Brigand
  3270 | D:5      | Killed Prince Ribbit
  3270 | D:5      | Reached skill level 8 in Axes
  3270 | D:5      | Reached XP level 7. HP: 53/64 MP: 7/7
  3338 | D:5      | Reached skill level 9 in Axes
  3498 | D:5      | Reached XP level 8. HP: 51/73 MP: 8/8
  3833 | D:5      | Found a staircase to the Ecumenical Temple.
  3866 | Temple   | Entered the Ecumenical Temple
  3923 | D:6      | Noticed Grinder
  3936 | D:6      | Paralysed by Grinder for 4 turns
  3942 | D:6      | Killed Grinder
  3942 | D:6      | Reached skill level 10 in Axes
  4241 | D:6      | Found a blossoming altar of Fedhas.
  4328 | D:6      | Reached skill level 11 in Axes
  4451 | D:6      | Reached * piety under Beogh
  4712 | D:6      | Reached XP level 9. HP: 57/82 MP: 9/9
  4718 | D:6      | Reached skill level 12 in Axes
  6048 | D:7      | Reached ** piety under Beogh
  6056 | D:7      | Reached skill level 1 in Invocations
  6067 | D:7      | Reached skill level 13 in Axes
  6306 | D:7      | HP: 4/85 [killer bee (7)]
  6308 | D:7      | HP: 1/85 [poisoned by a killer bee]
  6308 | D:7      | Slain by a killer bee

Skill      XL: |  1  2  3  4  5  6  7  8  9 |
---------------+----------------------------+-----
Axes           | 3 4 5 6 8 9 11 13 | 13.7
Fighting       | 4 5 6 7 8 9 |  9.9
Invocations    | 3 |  3.7
Armour         | |  3.2
Shields        | |  3.2

Action                   |  1- 3 |  4- 6 |  7- 9 || total
-------------------------+-------+-------+-------++-------
Melee: War axe           |    89 |    23 |    29 ||   141
       Hand axe          |       |   136 |   240 ||   376
Invok: Convert to Beogh  |       |     1 |       ||     1
  Use: Scroll            |     2 |     9 |     1 ||    12
       Potion            |       |       |     1 ||     1
  Eat: Chunk             |     1 |     6 |    11 ||    18
Armor: Scale mail        |    50 |    58 |    66 ||   174
Dodge: Dodged            |    27 |    36 |    48 ||   111
Block: Shield            |    58 |    70 |    87 ||   215
